Cogmind - Beta 17 @@@ ROGUE MODE // 2026.07.28 @ 20:37:27 Player: winnking222 Result: Destroyed by Executioner with Helical Railgun Performance ------------- Evolutions (7) 3500 Regions Visited (17) 3400 Robots Destroyed (251) 1255 Value Destroyed (16058) 16058 Prototype IDs (142) 2840 Alien Tech Used (5) 1000 Bonus (29344) 29344 TOTAL SCORE: 57397 Bonus ------- High Alert Combat Kills 9993 Registered with UFD 300 Met Optimus in HQ 500 Met Data Miner 300 Used Core Reset Matrix 3000 Destroyed Superfortress 15000 Met Optimus at Protoforge 1000 Friendly Fire -749 Cogmind --------- Core Integrity 0/1300 Matter 205/300 Energy 1111/1520 System Corruption 1% Temperature Cool (0) Movement Hovering (100) Ox1 Location -3/Protoforge Parts ------- > --- POWER (2) -------- Hybrid Graviton Reactor Concept Zero-point Core > --- PROPULSION (6) --- Experimental Antigrav System Gravjet Array Concept Combat Aerolev Unit Concept Combat Aerolev Unit Concept Gyrokinetic System > --- UTILITY (10) ----- Concept Thermoelectric Network Concept Antigrav Storage Unit Concept Dimensional Manipulator Experimental Active Sensor Suite Concept Weapon Articulator Experimental Weapon Cycler Concept Reaction Jets Medium Regenerative Plating Concept RG22 Armor > --- WEAPON (3) ------- Concept XC Strikerail Concept XC Strikerail Concept Tactical Fusion Warhead > --- INVENTORY (25) --- Concept Zero-point Core Concept Zero-point Core Gravjet Array Concept Thermoelectric Network Concept Antigrav Storage Unit Concept Chromion Battery (800) Concept NT7 Matterbank (750) Concept NT7 Matterbank (750) Experimental Active Sensor Suite Concept Weapon Articulator Precision Energy Filter Concept Beam Splitter Experimental System Purifier Experimental System Purifier Concept Matter Streamer Crosscalibrator Concept Lightning Penetrator Concept Lightning Penetrator Concept Disintegration Ray (39) Concept XC Strikerail Concept EMP Blanket Launcher Concept Rapid Grenade Launcher Peak State ------------ > --- POWER ------------ Hybrid Graviton Reactor Concept Zero-point Core > --- PROPULSION ------- Gravjet Array Concept Combat Aerolev Unit Concept Combat Aerolev Unit Concept Gyrokinetic System Concept Gyrokinetic System > --- UTILITY ---------- Concept Thermoelectric Network Concept Antigrav Storage Unit Concept Dimensional Manipulator Experimental Active Sensor Suite Concept Weapon Articulator Experimental Weapon Cycler Concept Reaction Jets Concept Core Shell Centrium Medium Armor Plating > --- WEAPON ----------- Concept Plasma Driver Concept Plasma Driver Concept EMP Blanket Launcher > --- INVENTORY -------- Hybrid Graviton Reactor Concept Zero-point Core Concept Zero-point Core Gravjet Array Gravjet Array Concept Thermoelectric Network Concept Antigrav Storage Unit Concept Chromion Battery Concept NT7 Matterbank Concept NT7 Matterbank Experimental Active Sensor Suite Concept Weapon Articulator Precision Energy Filter Concept Core Shell Medium Regenerative Plating Concept RG22 Armor Concept Beam Splitter Concept Matter Streamer Crosscalibrator Concept Variable Chargecaster Concept Disintegration Ray Concept Rapid Grenade Launcher [Rating: 269] Favorites ----------- Power Light Antimatter Reactor Engine Subdweller Power Source Power Core Concept Zero-point Core Reactor Light Antimatter Reactor Propulsion Enhanced Biometal Leg Treads Light Treads Leg Enhanced Biometal Leg Wheel Wheel Hover Unit Gravjet Array Flight Unit Nuclear Pulse Thruster Utility Centrium Light Armor Plating Device Advanced Sensor Array Storage Medium Storage Unit Processor Experimental Core Analyzer Hackware Hacking Suite Protection Centrium Light Armor Plating Weapon Concept XC Strikerail Energy Gun Concept Variable Chargecaster Energy Cannon Concept Plasma Driver Ballistic Gun Concept XC Strikerail Ballistic Cannon Compact Linear Accelerator Launcher Mini Grenade Launcher Special Weapon Junk Cannon Impact Weapon Heavy Hammer Slashing Weapon Molecular Scythe Piercing Weapon Plasma Lance Build | -11 -10 -10 -8 -6 -6 -6 -6 -6 -6 -5 -5 -5 -5 -4 -3 -3 -3 ------- Run | Yrd Mat Sub Scr Fac Was Fac Low Low Dat Pro Fac Was Fac Fac Res Qua Frg Slots Evolved 14 | . . . . 8 . . . . . . 2 . . 2 2 . . Power 1 | . . . . . . . . . . . . . . 1 . . . Propulsion 4 | . . . . 3 . . . . . . 1 . . . . . . Utility 8 | . . . . 5 . . . . . . 1 . . 1 1 . . Weapon 1 | . . . . . . . . . . . . . . . 1 . . Parts Attached 278 | 7 . 16 10 15 . 13 2 . . . 5 2 3 14 5 9 177 Power 29 | 1 . 4 3 . . 1 . . . . . . 1 3 1 2 13 Engine 7 | 1 . 4 1 . . 1 . . . . . . . . . . . Core 9 | . . . 2 . . . . . . . . . 1 3 . . 3 Reactor 13 | . . . . . . . . . . . . . . . 1 2 10 Propulsion 81 | 2 . 4 1 7 . 7 1 . . . 2 1 1 6 2 2 45 Treads 5 | 2 . 2 . . . . . . . . . . . . . . 1 Leg 18 | . . . . . . . . . . . . . . . . . 18 Wheel 6 | . . 2 . . . . . . . . . . . . . . 4 Hover 12 | . . . . . . . . . . . . . . . . . 12 Flight 40 | . . . 1 7 . 7 1 . . . 2 1 1 6 2 2 10 Utility 112 | 2 . 2 1 7 . 5 1 . . . 3 1 . 3 2 3 82 Device 61 | 1 . . 1 3 . 3 . . . . 2 . . 3 1 1 46 Storage 9 | 1 . 1 . 1 . . . . . . . . . . . . 6 Processor 19 | . . . . 3 . . . . . . . . . . 1 1 14 Hackware 2 | . . . . . . . . . . . 1 . . . . 1 . Protection 21 | . . 1 . . . 2 1 . . . . 1 . . . . 16 Artifact . | . . . . . . . . . . . . . . . . . . Weapon 56 | 2 . 6 5 1 . . . . . . . . 1 2 . 2 37 Energy Gun 10 | . . 3 . . . . . . . . . . . . . . 7 Energy Cannon 5 | . . 1 . 1 . . . . . . . . . . . . 3 Ballistic Gun 20 | 2 . 1 2 . . . . . . . . . . . . . 15 Ballistic Cannon 3 | . . . . . . . . . . . . . . . . . 3 Launcher 11 | . . 1 1 . . . . . . . . . . . . 1 8 Special Weapon 1 | . . . 1 . . . . . . . . . . . . . . Impact Weapon 1 | . . . 1 . . . . . . . . . . . . . . Slashing Weapon 4 | . . . . . . . . . . . . . 1 2 . 1 . Piercing Weapon 1 | . . . . . . . . . . . . . . . . . 1 Special Melee Weapon . | . . . . . . . . . . . . . . . . . . Unidentified Prototypes 61 | . . . 1 1 . 2 1 . . . . . 1 4 . 2 49 Parts Lost 46 | . . 6 . 2 . 2 . . . . . . 1 13 2 4 16 Power 6 | . . 1 . . . 1 . . . . . . . 1 . 1 2 Propulsion 17 | . . 2 . 2 . . . . . . . . 1 6 1 1 4 Utility 15 | . . 1 . . . 1 . . . . . . . 6 1 1 5 Weapon 8 | . . 2 . . . . . . . . . . . . . 1 5 Highest Loss Streak 9 | . . 3 . 2 . 2 . . . . . . 1 9 1 4 5 To Critical Strikes 1 | . . . . . . . . . . . . . . . . 1 . Average Backups 10 | 5 6 8 6 7 10 9 9 9 9 9 9 10 9 8 6 8 12 Power 1 | . 1 1 1 2 1 . . . . . . 1 1 1 . 1 1 Propulsion 2 | 3 4 4 1 2 3 3 3 3 3 3 2 1 1 . . 1 2 Utility 3 | . . 1 1 1 3 4 4 4 4 4 5 6 6 4 3 2 3 Weapon 3 | . 1 1 2 1 2 1 1 2 2 2 1 1 1 1 2 2 3 Tool/Special . | . . . . . . . . . . . . . . . . . . Unused Backups 54 | . . 7 8 . 1 . . . . . 1 1 1 1 . . 34 Power 8 | . . . 2 . 1 . . . . . . . . . . . 5 Propulsion 11 | . . 5 1 . . . . . . . . . . . . . 5 Utility 19 | . . . 1 . . . . . . . . 1 1 . . . 16 Weapon 15 | . . 2 4 . . . . . . . 1 . . 1 . . 7 Tool/Special 1 | . . . . . . . . . . . . . . . . . 1 Average Slot Usage (%) 83 | . 100 94 76 86 93 97 100 100 100 100 99 100 98 89 66 75 79 Engine 3 | . 14 13 11 6 6 4 . . . . . . . . . . . Core 1 | . . . 1 . . 1 6 6 6 6 5 5 5 9 4 3 1 Reactor 3 | . . . . . . . . . . . . . . . 2 . 6 Treads 3 | . 28 25 . . . . . . . . . . . . . . . Leg 6 | . . . . . . . . . . . . . . . . . 10 Wheel 2 | . . . 23 1 . . . . . . . . . . . . . Hover 5 | . . . . . . . . . . . . . . . . . 8 Flight 5 | . . . 2 30 33 32 33 33 33 33 34 35 33 25 22 22 . Device 13 | . 14 8 2 19 20 23 20 20 20 20 17 17 17 19 7 9 14 Storage 4 | . 14 14 9 6 6 6 6 6 6 6 5 5 5 5 4 4 2 Processor 8 | . . . . 15 20 13 13 13 13 13 11 11 11 10 9 16 10 Protection 7 | . . 2 . . . 1 6 6 6 6 5 5 5 4 3 3 10 Energy Gun 3 | . . 10 9 . . . . . . . . . . . . . 2 Energy Cannon 1 | . . 2 9 . . 4 6 1 . . . . . . . . . Ballistic Gun 6 | . 28 14 . . . . . . . . . . . . . . 6 Peak Build Rating 269 | 7 7 16 22 62 57 69 69 65 62 62 70 68 76 91 90 128 269 Average Rating 129 | 5 7 11 10 49 56 63 64 62 62 62 68 67 69 84 84 112 188 On Entrance 52 | . 7 7 11 14 57 57 64 65 62 62 62 68 67 75 70 90 106 Avg Prop Armor Cover (%) 4 | . . 13 6 5 . 3 . . . . 2 2 2 . . . 3 Naked Turns 1107 | . . . . . . . . . . . . . . . . . 1107 Heaviest Build 118 | 12 12 27 28 23 22 30 29 29 26 26 27 30 33 41 43 45 118 Greatest Support 180 | 40 40 40 10 30 28 35 35 35 35 35 35 41 42 41 45 48 180 Greatest Overweight (x) 6 | . . 2 2 1 . . . . . . . . . 1 . 1 6 Average Overweight (x) . | . . . 1 . . . . . . . . . . . . . . Largest Inventory Capacity 25 | 8 8 10 10 10 10 10 10 10 10 10 10 10 10 10 10 10 25 Average Capacity 13 | 7 8 9 8 10 10 10 10 10 10 10 10 10 10 10 10 10 15 Most Carried 25 | 7 8 10 10 10 10 10 10 10 10 10 10 10 10 10 9 10 25 Average Carried 11 | 5 6 9 7 7 9 9 9 10 10 10 9 9 9 8 6 8 13 Final Capacity 25 | 8 8 10 10 10 10 10 10 10 10 10 10 10 10 10 10 10 25 Final Carried 24 | 6 8 10 10 10 10 9 10 10 10 10 10 10 9 7 8 9 24 Scrap Suit Usage (%) 4 | . . . . . . . . . . . . . . . . . 6 Parts Cannibalized 6 | . . . . . . . . . . . . . . . . . 6 Class Distribution -------------------- 25% | Mutant 19% | Scavenger-Gunner 11% | Scavenger-Tank 9% | Scout 7% | Scavenger-Scout 5% | Scavenger-Sprinter 4% | Scientist-Scout 3% | Scavenger-Mutant Dominant Class ---------------- Mutant | -10/Materials Mutant | -10/Subcaves Mutant | -8/Scraptown Derelict-Scout | -6/Factory Derelict-Scout | -6/Waste Scout | -6/Factory Scout | -6/Lower Caves Scout | -6/Lower Caves Scout | -6/Data Miner Scout | -5/Proximity Caves Scientist-Scout | -5/Factory Scientist-Scout | -5/Waste Scientist-Scout | -5/Factory Scientist-Ninja | -4/Factory Infiltrator-Sprinter | -3/Research Hacker-Sprinter | -3/Quarantine Scavenger-Gunner | -3/Protoforge Resources | -11 -10 -10 -8 -6 -6 -6 -6 -6 -6 -5 -5 -5 -5 -4 -3 -3 -3 ----------- Run | Yrd Mat Sub Scr Fac Was Fac Low Low Dat Pro Fac Was Fac Fac Res Qua Frg Matter Collected 10903 | 326 28 430 369 108 . 222 231 110 . 18 . 80 8 228 . 156 8589 Remotely 99 | . . . . . . . . . . . . . . . . . 99 Salvage Created 13723 | 156 125 613 . . . 222 121 61 . . . 58 127 728 . 131 11381 Parts 595 | 16 7 40 . . . 2 1 4 . . . . 6 29 . 8 482 Haulers Intercepted 9 | . . . . . . 1 . . . . . . . 5 . . 3 Recyclers Shooed 1 | . 1 . . . . . . . . . . . . . . . . Parts Field Recycled . | . . . . . . . . . . . . . . . . . . Retrieved Matter . | . . . . . . . . . . . . . . . . . . Parts Self-Destructed 18 | . . 16 . . . . . 2 . . . . . . . . . Prevented . | . . . . . . . . . . . . . . . . . . Parts Restored 18 | . . . . . . . . . . . . . . . . . 18 Faulty 18 | . . . . . . . . . . . . . . . . . 18 Kills | -11 -10 -10 -8 -6 -6 -6 -6 -6 -6 -5 -5 -5 -5 -4 -3 -3 -3 ------- Run | Yrd Mat Sub Scr Fac Was Fac Low Low Dat Pro Fac Was Fac Fac Res Qua Frg Combat Hostiles Destroyed 216 | . 2 17 . . . 1 . 5 . . . . . 4 . 1 186 Melee 5 | . . . . . . . . . . . . . . 4 . 1 . Guns 86 | . 2 12 . . . . . . . . . . . . . . 72 Cannons 37 | . . 2 . . . . . . . . . . . . . . 35 AOE 66 | . . 2 . . . . . 4 . . . . . . . . 60 Classes Destroyed 28 | 2 2 3 . . . 3 1 1 . . . . 1 . . 1 14 Worker 5 | . . . . . . 3 . . . . . . 2 . . . . Builder 1 | . . . . . . . . . . . . . 1 . . . . Tunneler 5 | 5 . . . . . . . . . . . . . . . . . Hauler 9 | . . . . . . 1 . . . . . . . 5 . . 3 Recycler 2 | 1 . . . . . . . . . . . . 1 . . . . Mechanic 8 | . . . . . . . . . . . . . . . . . 8 Drone 22 | . . . . . . . . . . . . . . . . . 22 Watcher 3 | . 1 . . . . 1 . . . . . . . 1 . . . Swarmer 24 | . . 2 . . . . . 4 . . . . . 1 . . 17 Saboteur 4 | . . . . . . . . . . . . . . . . . 4 Grunt 36 | . 2 . . . . . . . . . . . . . . 1 33 Brawler 12 | . . . . . . . . . . . . . . . . . 12 Duelist 7 | . . . . . . . . . . . . . . . . . 7 Protector 3 | . . . . . . . . . . . . . . . . . 3 Researcher 7 | . . . . . . . . . . . . . . . . 1 6 Sentry 9 | . . 1 . . . . . . . . . . . . . . 8 Hunter 14 | . . . . . . . . . . . . . . . . . 14 Programmer 21 | . . . . . . 1 . . . . . . . 3 . . 17 Decapitator 5 | . . . . . . . . . . . . . . . . . 5 Immortal 2 | . . . . . . . . . . . . . . . . . 2 Striker 18 | . . . . . . . . . . . . . . . . . 18 Executioner 17 | . . . . . . . . . . . . . . . . . 17 Alpha 7 2 | . . . . . . . . . . . . . . . . . 2 V-Series 4 | . . . . . . . . . . . . . . . . . 4 Subdweller 14 | . . 14 . . . . . . . . . . . . . . . Elite 1 | . . . . . . . . . . . . . . . . . 1 Scrapoid 2 | . . . . . . . . . . . . . . . . . 2 Decomposer 1 | . . . . . . . . 1 . . . . . . . . . Samaritan 3 | . . . . . . . 3 . . . . . . . . . . Thief 1 | . . . . . . . . 1 . . . . . . . . . Best Kill Streak 19 | 3 1 2 . . . 2 . 4 . . . . 3 2 . 1 19 Combat Bots Only 18 | . 1 2 . . . 1 . 4 . . . . . 1 . 1 18 Max Kills in Single Turn 7 | 1 1 1 . . . 1 1 3 . . . . 2 1 . 1 7 Gunslinging 1 | . . . . . . . . . . . . . . . . . 1 Exploded 7 | . . 1 . . . . . 2 . . . . . . . . 7 Melee 1 | . . . . . . . . . . . . . . 1 . 1 . Uniques/NPCs Destroyed . | . . . . . . . . . . . . . . . . . . Combat | -11 -10 -10 -8 -6 -6 -6 -6 -6 -6 -5 -5 -5 -5 -4 -3 -3 -3 -------- Run | Yrd Mat Sub Scr Fac Was Fac Low Low Dat Pro Fac Was Fac Fac Res Qua Frg Hostile Shots Fired 1036 | . 4 185 . 61 . 52 . 8 . 2 12 . 52 108 34 134 384 Missed 498 | . 2 63 . 34 . 30 . 5 . 1 10 . 37 48 21 75 172 Hits 538 | . 2 122 . 27 . 22 . 3 . 1 2 . 15 60 13 59 212 Melee 4 | . . . . . . . . . . . . . . . . . 4 Projectile 534 | . 2 122 . 27 . 22 . 3 . 1 2 . 15 60 13 59 208 AOE 1 | . . . . . . . . . . . . . . . . . 1 Critical Strikes 16 | . . 1 . 1 . . . . . . . . . 1 . 1 12 Part Disruptions 1 | . . . . . . 1 . . . . . . . . . . . Damage Taken 12963 | . 28 1486 . 239 . 251 . 41 . 23 43 . 267 1101 295 1055 8134 Core 1708 | . . 214 . 56 . 5 . . . . . . 29 162 83 218 941 Absorbed by Shields 58 | . . . . . . . . . . . . . . 39 . . 19 Redirected to Shielding 563 | . . . . . . . . . . . . . . . . . 563 Regen/Repaired (Parts) 468 | . . . . . . . . . . . . . . . . 87 381 Core Remaining (%) 77 | 100 . . 14 . . . . . . 92 . . 97 85 . . . Volleys Fired 548 | 14 7 98 . 2 . 4 . 5 . . . . 2 1 . 8 407 Largest 3 | 2 2 2 . 1 . 1 . 1 . . . . 1 1 . 1 3 Hottest 855 | 40 40 120 . 30 . 90 . 30 . . . . 30 30 . 90 855 Shots Fired 1187 | 28 14 189 . 2 . 5 . 5 . . . . 3 3 . 8 930 Gun 887 | 28 14 181 . . . . . . . . . . . . . . 664 Cannon 216 | . . 5 . . . 5 . . . . . . . . . 4 202 Launcher 84 | . . 3 . 2 . . . 5 . . . . 3 3 . 4 64 Special . | . . . . . . . . . . . . . . . . . . Kinetic 659 | 28 14 121 . . . . . . . . . . . . . . 496 Thermal 389 | . . 13 . . . 5 . . . . . . . . . 4 367 Explosive 57 | . . . . 2 . . . 5 . . . . 3 3 . 4 40 Electromagnetic 79 | . . 55 . . . . . . . . . . . . . . 24 Entropic 3 | . . . . . . . . . . . . . . . . . 3 Robot Hit Streak 38 | 4 3 35 . . . 13 . 5 . . . . 6 . . . 38 Robot Miss Streak 3 | 3 1 3 . . . 1 . . . . . . . . . . 3 Penetration Max 2 | . . . . . . . . . . . . . . . . . 2 Secondary Targets 15 | . 1 2 . . . . . . . . . . . . . . 12 Max Gunslinging Chain 1 | . 1 1 . . . . . . . . . . . . . . 1 Shots Hit Robots 769 | 12 8 108 . . . 12 3 4 . . . 1 3 27 . 5 586 Core Hits 464 | 8 6 33 . . . . . 7 . . . . 3 12 . 1 394 Critical Kills 27 | . . . . . . . . . . . . . . . . . 27 Critical Parts Destroyed 26 | . . . . . . 3 1 . . . . . . . . . 22 Critical Strikes 69 | . . . . . . 3 1 1 . . . . . 5 . . 59 Burn 1 | . . . . . . . . . . . . . . . . . 1 Meltdown 12 | . . . . . . . . . . . . . . . . . 12 Destroy 43 | . . . . . . . . . . . . . . . . . 43 Blast 3 | . . . . . . . . . . . . . . . . . 3 Smash 5 | . . . . . . 3 1 1 . . . . . . . . . Sever 5 | . . . . . . . . . . . . . . 5 . . . Melee Attacks 174 | . . . . 13 . 30 5 5 . . 15 1 20 57 6 19 3 Impact 89 | . . . . 13 . 30 5 5 . . 15 1 20 . . . . Slashing 84 | . . . . . . . . . . . . . . 57 6 19 2 Piercing 1 | . . . . . . . . . . . . . . . . . 1 Sneak Attacks 16 | . . . . . . 4 3 . . . . . 1 5 . 3 . Combat Hostiles 1 | . . . . . . . . . . . . . . . . 1 . Follow-up Attacks . | . . . . . . . . . . . . . . . . . . Damage Inflicted 49243 | 138 105 1975 . . . 746 145 437 . . . 56 656 1670 . 788 42527 Guns 17347 | 138 105 1686 . . . . . . . . . . . . . . 15418 Cannons 10791 | . . 88 . . . 138 . . . . . . . . . . 10565 Explosions 17564 | . . 197 . . . . . 351 . . . . 472 . . . 16544 Melee 3537 | . . . . . . 608 145 86 . . . 56 184 1670 . 788 . Ramming 4 | . . 4 . . . . . . . . . . . . . . . Kinetic 13157 | 138 105 1218 . . . . . . . . . . . . . . 11696 Thermal 15547 | . . 254 . . . 138 . . . . . . 424 . . . 14731 Explosive 12635 | . . . . . . . . 351 . . . . 48 . . . 12236 Electromagnetic 4336 | . . 499 . . . . . . . . . . . . . . 3837 Impact 1079 | . . . . . . 608 145 86 . . . 56 184 . . . . Slashing 2458 | . . . . . . . . . . . . . . 1670 . 788 . Piercing . | . . . . . . . . . . . . . . . . . . Entropic 27 | . . . . . . . . . . . . . . . . . 27 Highest Corruption 9 | . . . . . 9 9 . . . . . . 4 5 . . 6 Average Corruption 3 | . . . . . 9 5 . . . . . . 4 4 . . 3 Corruption Purged 35 | . . . . . . 11 . . . . . . . 5 . . 19 Corruption Blocked 2 | . . . . . . . . . . . . . . . . . 2 Effects 292 | . . . . . . 11 . . . . . . 5 10 . . 266 Message Errors 90 | . . . . . . 4 . . . . . . . 5 . . 81 Matter Fused 64 | . . . . . . 3 . . . . . . 2 2 . . 57 Heat Flow Errors 35 | . . . . . . 1 . . . . . . . . . . 34 Energy Discharges 24 | . . . . . . . . . . . . . 1 . . . 23 Parts Rejected 1 | . . . . . . . . . . . . . . . . . 1 Parts Fused 3 | . . . . . . . . . . . . . . . . . 3 Data Loss (minor) 43 | . . . . . . 2 . . . . . . 1 1 . . 39 Data Loss (major) 22 | . . . . . . . . . . . . . . . . . 22 Misfires 4 | . . . . . . 1 . . . . . . 1 2 . . . Alerts 3 | . . . . . . . . . . . . . . . . . 3 Weapon Failures 3 | . . . . . . . . . . . . . . . . . 3 Overload Shots 22 | . . . . . . . . . . . . . . . . . 22 Effects 1 | . . . . . . . . . . . . . . . . . 1 Energy Bleed 1 | . . . . . . . . . . . . . . . . . 1 Overflow Damage 2467 | . . . . . . 396 133 27 . . . 22 172 18 . 93 1606 Projectiles 877 | . . . . . . . . . . . . . . . . . 877 Explosions 829 | . . . . . . . . 21 . . . . 78 1 . . 729 Melee 761 | . . . . . . 396 133 6 . . . 22 94 17 . 93 . Knockbacks 4 | . . . . . . 1 . 1 . . . . 2 . . . . Impact 4 | . . . . . . 1 . 1 . . . . 2 . . . . Kinetic . | . . . . . . . . . . . . . . . . . . Secondary . | . . . . . . . . . . . . . . . . . . Self-Inflicted Damage 491 | . . 117 . . . . . . . . . . 27 53 . . 294 Shots 12 | . . 3 . . . . . . . . . . 1 2 . . 6 Rammed 1 | . . 1 . . . . . . . . . . . . . . . Targets Rammed 1 | . . 1 . . . . . . . . . . . . . . . Kicked . | . . . . . . . . . . . . . . . . . . Crushed . | . . . . . . . . . . . . . . . . . . Highest Temperature 301 | . 9 238 . 24 4 224 79 105 50 95 12 136 208 301 2 . 209 Average Temperature 71 | . 9 137 . 2 2 58 30 42 24 41 3 43 47 90 1 . 118 Received Heat Transfer 1091 | . 18 521 . 96 . 30 . . . . . . 9 33 30 39 315 Thermoelectric Energy+ 7209 | . . . . . . . . . . . . . . . . . 7209 Effects 2 | . . . . . . . . . . . . . . . . . 2 Interference 2 | . . . . . . . . . . . . . . . . . 2 Siege Activations . | . . . . . . . . . . . . . . . . . . Martial Activations . | . . . . . . . . . . . . . . . . . . Shielding Activations . | . . . . . . . . . . . . . . . . . . Robots Disrupted . | . . . . . . . . . . . . . . . . . . Combat Hostiles . | . . . . . . . . . . . . . . . . . . Robots Corrupted 19 | . . 1 . . . 4 2 1 . . . 1 1 . . . 9 Combat Hostiles 11 | . . 1 . . . 1 . 1 . . . . . . . . 8 Parts Fried 32 | . . 2 . . . 4 3 1 . . . 2 1 . . . 19 Impact Corruptions 30 | . . . . . . 16 8 2 . . . 1 3 . . . . Robots Melted 12 | . . . . . . . . . . . . . . . . . 12 Combat Hostiles 11 | . . . . . . . . . . . . . . . . . 11 Parts Melted 32 | . . 3 . . . . . . . . . . 1 . . . 28 Heat Transferred 11643 | . . 385 . . . 148 . . . . . . 300 . . . 10810 Parts Sabotaged . | . . . . . . . . . . . . . . . . . . Parts Stolen . | . . . . . . . . . . . . . . . . . . Parts Stripped . | . . . . . . . . . . . . . . . . . . Power Chain Reactions 4 | . . . . . . . . . . . . . . . . . 4 Alert | -11 -10 -10 -8 -6 -6 -6 -6 -6 -6 -5 -5 -5 -5 -4 -3 -3 -3 ------- Run | Yrd Mat Sub Scr Fac Was Fac Low Low Dat Pro Fac Was Fac Fac Res Qua Frg Maximum Alert Level 5 | . . . . . . . . . . . . . 1 1 . . 5 Low Security (%) 33 | 100 100 . . 100 100 100 . . . . 100 100 90 89 100 100 17 Level 1 3 | . . . . . . . . . . . . . 9 10 . . 3 Level 2 16 | . . . . . . . . . . . . . . . . . 20 Level 3 16 | . . . . . . . . . . . . . . . . . 20 Level 4 7 | . . . . . . . . . . . . . . . . . 9 Level 5 22 | . . . . . . . . . . . . . . . . . 27 High Security . | . . . . . . . . . . . . . . . . . . Max Security . | . . . . . . . . . . . . . . . . . . Peak Influence 4790 | 10 40 . . 128 14 74 . . . . 96 33 393 226 107 134 4790 Initial 192 | . . . . . 14 2 . . . . . 33 . 192 97 40 58 Average 919 | 2 9 . . 52 11 18 . . . . 17 3 61 162 83 63 1136 Influence Increases 8034 | 30 57 195 . 207 . 264 . 90 . 15 209 . 571 542 76 301 5477 Destroy 0b10 Robot/C 3740 | . 40 60 . . . 20 . 80 . . . . . 80 . 40 3420 Destroy 0b10 Robot/NC 275 | 30 5 . . . . 25 . . . . . . 20 30 . . 165 Destroy Leader 548 | . 12 . . . . 14 . 10 . . . . . 32 . . 480 Successful Hack 292 | . . . . 47 . 28 . . . . 35 . 15 38 34 69 26 Disable Machine 585 | . . . . 15 . . . . . . . . 30 30 . 90 420 Anti-Garrison Action 150 | . . . . . . . . . . . . . . . . . 150 Destroy Structure 689 | . . . . 25 . 12 . . . . 24 . 116 62 12 42 396 Partial Spotted 270 | . . . . . . 30 . . . . 45 . 30 90 30 . 45 Lose Combat Pursuer 1485 | . . 135 . 120 . 135 . . . 15 105 . 360 180 . 60 375 Influence Decreases 3244 | 30 57 195 . 165 38 201 67 80 10 15 113 96 178 749 189 270 791 Entered New Map 498 | . . . . . 28 2 26 . 10 . . 63 . 201 89 33 46 Time Decay 2265 | 30 57 195 . 154 10 199 41 80 . 15 113 33 168 318 80 187 585 Search Patrol Dispatched 100 | . . . . . . . . . . . . . . 100 . . . Lost Part 351 | . . . . 1 . . . . . . . . 10 130 20 40 150 Lost Ally 30 | . . . . 10 . . . . . . . . . . . 10 10 Squads Dispatched 56 | . 1 . . 6 . 10 . . . . 8 . 10 9 3 3 6 Investigation 37 | . 1 . . 5 . 6 . . . . 7 . 8 4 3 . 3 Extermination 10 | . . . . 1 . 2 . . . . 1 . 1 4 . 1 . Reinforcement 9 | . . . . . . 2 . . . . . . 1 1 . 2 3 Assault . | . . . . . . . . . . . . . . . . . . Garrison . | . . . . . . . . . . . . . . . . . . Intercept . | . . . . . . . . . . . . . . . . . . Searches Triggered 1 | . . . . . . . . . . . . . . 1 . . . Construction Impeded . | . . . . . . . . . . . . . . . . . . Haulers Reinforced 2 | . . . . . . . . . . . . . 1 . . 1 . Active Scanning Responses . | . . . . . . . . . . . . . . . . . . Cargo Convoy Interrupts . | . . . . . . . . . . . . . . . . . . Stealth | -11 -10 -10 -8 -6 -6 -6 -6 -6 -6 -5 -5 -5 -5 -4 -3 -3 -3 --------- Run | Yrd Mat Sub Scr Fac Was Fac Low Low Dat Pro Fac Was Fac Fac Res Qua Frg Distress Signals 45 | . 2 . . . . 1 . . . . . . . 1 1 3 37 Communications Jammed 11 | . . . . . . . . . . . . . . 11 . . . Distress Signals 11 | . . . . . . . . . . . . . . 11 . . . Times Spotted 446 | . 8 23 . 11 1 17 . 7 . 1 14 . 35 39 21 26 243 Peak Tracking Total 16 | . 2 4 . 6 1 6 . 4 . 1 8 . 14 14 12 11 16 Tactical Retreats 52 | . . 6 . 3 . 5 . . . 1 3 . 6 4 4 6 14 ECM-based Alert Blocks 28 | . . . . . . . . . . . . . . . 17 11 . Traps | -11 -10 -10 -8 -6 -6 -6 -6 -6 -6 -5 -5 -5 -5 -4 -3 -3 -3 ------- Run | Yrd Mat Sub Scr Fac Was Fac Low Low Dat Pro Fac Was Fac Fac Res Qua Frg Traps Triggered 13 | . . 1 . 1 . . . . . . 1 . 1 1 . . 8 Indirectly . | . . . . . . . . . . . . . . . . . . Trap Hack Attempts . | . . . . . . . . . . . . . . . . . . Triggered . | . . . . . . . . . . . . . . . . . . Disarmed . | . . . . . . . . . . . . . . . . . . Reprogrammed . | . . . . . . . . . . . . . . . . . . Reused . | . . . . . . . . . . . . . . . . . . Traps Extracted . | . . . . . . . . . . . . . . . . . . Installed . | . . . . . . . . . . . . . . . . . . Triggered . | . . . . . . . . . . . . . . . . . . Most Traps Carried 1 | . . . 1 . . . . . . . . . . . . . . Machines | -11 -10 -10 -8 -6 -6 -6 -6 -6 -6 -5 -5 -5 -5 -4 -3 -3 -3 ---------- Run | Yrd Mat Sub Scr Fac Was Fac Low Low Dat Pro Fac Was Fac Fac Res Qua Frg Machines Disabled 50 | . . 1 . 1 . . 1 . . . . . 2 2 . 6 37 Max in Single Turn 3 | . . 1 . 1 . . 1 . . . . . 2 1 . 1 3 Garrison Access 2 | . . . . 1 . . . . . . . . . . . . 1 Machines Repaired . | . . . . . . . . . . . . . . . . . . Machines Dismantled . | . . . . . . . . . . . . . . . . . . Machines Sabotaged . | . . . . . . . . . . . . . . . . . . Overloaded Fab Kills . | . . . . . . . . . . . . . . . . . . Hacking | -11 -10 -10 -8 -6 -6 -6 -6 -6 -6 -5 -5 -5 -5 -4 -3 -3 -3 --------- Run | Yrd Mat Sub Scr Fac Was Fac Low Low Dat Pro Fac Was Fac Fac Res Qua Frg Machines Accessed 91 | . 1 2 3 12 . 12 . . 4 . 16 . 10 14 5 5 7 Terminals 36 | . 1 . . 5 . 2 . . . . 9 . 5 7 1 3 3 Fabricators 6 | . . . . 1 . 1 . . . . . . . 3 . . 1 Repair Stations 3 | . . . . . . . . . . . . . . 1 . 1 1 Recycling Units 27 | . . . . 5 . 6 . . . . 6 . 4 3 2 . 1 Scanalyzers 7 | . . . . . . 3 . . . . 1 . 1 . 1 1 . Garrison Access 3 | . . . . 1 . . . . . . . . . . 1 . 1 Total Hacks 227 | . 2 6 42 19 . 22 . . 29 . 31 . 20 31 8 7 10 Successful 162 | . 1 6 42 11 . 12 . . 29 . 20 . 12 16 5 3 5 Failed 65 | . 1 . . 8 . 10 . . . . 11 . 8 15 3 4 5 Catastrophic 16 | . . . . 1 . 1 . . . . 2 . 4 5 1 . 2 Database Lockouts . | . . . . . . . . . . . . . . . . . . Manual 87 | . 2 . . 15 . 12 1 . . . 19 . 11 19 3 1 4 Terminals 80 | . 2 . . 10 . 3 . . . . 22 . 14 20 2 3 4 Fabricators 11 | . . . . 1 . 2 . . . . . . . 6 . . 2 Repair Stations 4 | . . . . . . . . . . . . . . 1 . 2 1 Recycling Units 36 | . . . . 6 . 10 . . . . 7 . 5 4 2 . 2 Scanalyzers 14 | . . . . . . 7 . . . . 2 . 1 . 2 2 . Garrison Access 5 | . . . . 2 . . . . . . . . . . 2 . 1 Terminal Hacks 101 | . . 6 42 2 . 1 . . 29 . 6 . 4 6 1 2 2 Record 51 | . . 5 34 . . . . . 11 . . . . 1 . . . Part Schematic 10 | . . . . . . . . . 10 . . . . . . . . Robot Schematic 5 | . . . . . . . . . 5 . . . . . . . . Robot Analysis 8 | . . . 8 . . . . . . . . . . . . . . Prototype ID Bank 3 | . . . . . . . . . 3 . . . . . . . . Level Access Points 2 | . . . . . . . . . . . . . . 1 1 . . Branch Access Points 3 | . . . . . . . . . . . . . 1 1 . 1 . Emergency Access Points 1 | . . . . . . . . . . . . . . 1 . . . Terminal Index 1 | . . . . . . . . . . . 1 . . . . . . Recycling Unit Index 1 | . . . . . . . . . . . . . . 1 . . . Alert Level 1 | . . . . . . . . . . . 1 . . . . . . Locate Traps 3 | . . . . 1 . . . . . . 2 . . . . . . Recall Investigation 6 | . . . . . . . . . . . 2 . 3 1 . . . Hauler Manifests 2 | . . . . 1 . 1 . . . . . . . . . . . Zone Layout 2 | . . . . . . . . . . . . . . . . 1 1 Proto ID Catalog 2 | . . 1 . . . . . . . . . . . . . . 1 Fabricator Hacks 4 | . . . . . . 1 . . . . . . . 2 . . 1 Network Status 2 | . . . . . . 1 . . . . . . . 1 . . . Load Schematic 2 | . . . . . . . . . . . . . . 1 . . 1 Repair Station Hacks . | . . . . . . . . . . . . . . . . . . Recycling Unit Hacks . | . . . . . . . . . . . . . . . . . . Scanalyzer 8 | . . . . . . 3 . . . . 2 . 1 . 2 . . Retrieve Study 8 | . . . . . . 3 . . . . 2 . 1 . 2 . . Garrison Access Hacks 1 | . . . . 1 . . . . . . . . . . . . . Seal Access 1 | . . . . 1 . . . . . . . . . . . . . Unauthorized Hacks 48 | . 1 . . 8 . 7 . . . . 12 . 7 8 2 1 2 Terminals 21 | . 1 . . 3 . 1 . . . . 6 . 3 5 . 1 1 Assimilate 3 | . . . . 1 . . . . . . . . . . . 1 1 Botnet 17 | . 1 . . 2 . 1 . . . . 5 . 3 5 . . . Skim 1 | . . . . . . . . . . . 1 . . . . . . Fabricators . | . . . . . . . . . . . . . . . . . . Repair Stations . | . . . . . . . . . . . . . . . . . . Recycling Units 27 | . . . . 5 . 6 . . . . 6 . 4 3 2 . 1 Fedlink 27 | . . . . 5 . 6 . . . . 6 . 4 3 2 . 1 Scanalyzers . | . . . . . . . . . . . . . . . . . . Garrison Access . | . . . . . . . . . . . . . . . . . . Data Cores Recovered . | . . . . . . . . . . . . . . . . . . Used . | . . . . . . . . . . . . . . . . . . Hacking Detections 45 | . 1 . . 6 . 4 . . . . 9 . 5 7 3 5 5 Full Trace Events 6 | . . . . . . . . . . . 1 . 3 1 1 . . Feedback Events . | . . . . . . . . . . . . . . . . . . Feedback Blocked . | . . . . . . . . . . . . . . . . . . Robot Schematics Acquired 10 | . . . . . . . . . 5 . . . . . . 2 3 Robots Built . | . . . . . . . . . . . . . . . . . . Authchips . | . . . . . . . . . . . . . . . . . . Time . | . . . . . . . . . . . . . . . . . . Total Robot Build Rating . | . . . . . . . . . . . . . . . . . . Part Schematics Acquired 25 | . . . . . . . . . 10 . . . . . . 2 13 Parts Built . | . . . . . . . . . . . . . . . . . . Authchips . | . . . . . . . . . . . . . . . . . . Time . | . . . . . . . . . . . . . . . . . . Total Part Build Rating . | . . . . . . . . . . . . . . . . . . Part Studies Acquired 8 | . . . . . . 3 . . . . 2 . 1 . 2 . . Parts Repaired . | . . . . . . . . . . . . . . . . . . Time . | . . . . . . . . . . . . . . . . . . Parts Recycled . | . . . . . . . . . . . . . . . . . . Recycled Matter . | . . . . . . . . . . . . . . . . . . Retrieved Matter . | . . . . . . . . . . . . . . . . . . Retrieved Components . | . . . . . . . . . . . . . . . . . . Parts Scanalyzed . | . . . . . . . . . . . . . . . . . . Part Schematics Acquired . | . . . . . . . . . . . . . . . . . . Parts Damaged . | . . . . . . . . . . . . . . . . . . Bothacking | -11 -10 -10 -8 -6 -6 -6 -6 -6 -6 -5 -5 -5 -5 -4 -3 -3 -3 ------------ Run | Yrd Mat Sub Scr Fac Was Fac Low Low Dat Pro Fac Was Fac Fac Res Qua Frg Used RIF Installer . | . . . . . . . . . . . . . . . . . . Robots Hacked . | . . . . . . . . . . . . . . . . . . Non-combat . | . . . . . . . . . . . . . . . . . . Combat . | . . . . . . . . . . . . . . . . . . Robot Hacks Applied . | . . . . . . . . . . . . . . . . . . Relay Couplers Released 3 | . . . . . . . . . . . . . . . . . 3 Machine Destruction 3 | . . . . . . . . . . . . . . . . . 3 Fabnet Peak Effective % . | . . . . . . . . . . . . . . . . . . Robots Rewired . | . . . . . . . . . . . . . . . . . . Allies Hacked 1 | . . . . . . . . . . . . . . . . 1 . Hacks Repelled . | . . . . . . . . . . . . . . . . . . Allies | -11 -10 -10 -8 -6 -6 -6 -6 -6 -6 -5 -5 -5 -5 -4 -3 -3 -3 -------- Run | Yrd Mat Sub Scr Fac Was Fac Low Low Dat Pro Fac Was Fac Fac Res Qua Frg Total Allies 4 | . . . . 1 1 . . . . . . . . . . 1 1 Largest Group 1 | . . . . 1 1 . . . . . . . . . . 1 1 Highest-Rated Group 45 | . . . . 26 31 . . . . . . . . . . 45 26 Highest-Rated Ally 45 | . . . . 26 31 . . . . . . . . . . 45 26 Initial UFD Resources 123 | . . . . 23 43 43 55 55 55 57 57 79 79 89 109 123 123 Total Orders 1 | . . . . 1 . . . . . . . . . . . . . STAY 1 | . . . . 1 . . . . . . . . . . . . . Ally Attacks 6 | . . . . . 6 . . . . . . . . . . . . Total Damage 109 | . . . . . 109 . . . . . . . . . . . . Kills . | . . . . . . . . . . . . . . . . . . Allies Corrupted . | . . . . . . . . . . . . . . . . . . Allies Melted 11 | . . . . . . . . . . . . . . . . . 11 Intel | -11 -10 -10 -8 -6 -6 -6 -6 -6 -6 -5 -5 -5 -5 -4 -3 -3 -3 ------- Run | Yrd Mat Sub Scr Fac Was Fac Low Low Dat Pro Fac Was Fac Fac Res Qua Frg Active Infowar (turns) 16382 | 43 245 1879 . 452 24 676 108 197 48 101 396 383 385 714 167 454 10110 Optics 8510 | . . . . 451 24 676 108 197 48 101 396 383 385 714 98 454 4475 Sensors 10283 | . . . . 450 24 676 108 197 48 101 396 383 385 654 . . 6861 A.S.S. 2230 | . . . . . . . . . . . . . . . . . 2230 Structural 4708 | . . . . 452 24 676 108 197 48 101 396 383 385 703 147 454 634 Seismic 2167 | 43 245 1879 . . . . . . . . . . . . . . . Cloaking 2 | . . . . . . . . . . . . . . . . . 2 Jamming 682 | . . . . . . . . . . . 12 . . 633 37 . . ECM 336 | . . . . . . . . . . . . . . . 72 264 . Robot Analysis Total 8 | . . . 8 . . . . . . . . . . . . . . Derelict Logs Recovered 12 | . . 3 5 . . . 1 . . 3 . . . . . . . Drone Launches 1 | . . . . 1 . . . . . . . . . . . . . Drone Recoveries 1 | . . . . 1 . . . . . . . . . . . . . Exploration | -11 -10 -10 -8 -6 -6 -6 -6 -6 -6 -5 -5 -5 -5 -4 -3 -3 -3 ------------- Run | Yrd Mat Sub Scr Fac Was Fac Low Low Dat Pro Fac Was Fac Fac Res Qua Frg Turns Passed 26142 | 142 245 3231 2336 463 24 676 108 197 48 101 396 383 385 714 167 454 16072 Spaces Moved 22414 | 63 118 1517 1907 731 80 1104 276 454 82 304 738 398 851 1509 446 688 11148 Core 111 | 14 . . . . . . . . . . . . . . . . 97 Treads 1626 | 49 118 1459 . . . . . . . . . . . . . . . Legs 2207 | . . . . . . . . . . . . . . . . . 2207 Wheels 2036 | . . 58 1784 8 . . . . . . . . . . . . 186 Hover 7759 | . . . . . . . . . . . . . . . . . 7759 Flight 8675 | . . . 123 723 80 1104 276 454 82 304 738 398 851 1509 446 688 899 Fastest Speed 6 | 50 160 110 45 28 28 28 28 28 28 28 28 25 25 26 26 27 6 Average Speed 57 | 135 160 170 97 30 28 28 28 28 28 28 28 25 27 27 27 30 54 Slowest Speed 350 | 160 160 240 110 95 28 31 28 28 28 28 28 28 28 111 31 107 350 Overloaded Moves 76 | . . . . . . . . . . . . . . . . 9 67 Propulsion Burnouts . | . . . . . . . . . . . . . . . . . . Robots Hopped 55 | . . . . 1 . 3 . . . . 2 2 14 13 2 11 7 Potential Cave-ins 19 | . . . . . . . . . . . . . . . . . 19 Cave-ins Triggered 1 | . . . . . . . . . . . . . . . . . 1 Teleports 1 | . . . . . . . . . . . . . . . . . 1 Exploration Rate (%) 55 | 4 35 77 85 26 85 37 50 71 74 56 34 96 36 61 20 75 80 Regions Visited 17 Branch Regions 8 Pre-discovered Areas 9 | . . 1 5 1 . . . . 1 1 . . . . . . . Known Exits Taken 10 | . . . 1 . . 1 1 1 1 1 . . 1 1 1 1 . Unknown Exits Taken 3 | 1 1 1 . . . . . . . . . . . . . . . Scrap Searched 23 | . . 11 6 . . . 2 4 . . . . . . . . . Spaces Dug 98 | . . . . 11 . 12 1 1 . . 12 . 15 17 6 8 15 Terrain Destroyed 609 | . . 53 . 29 . 12 1 41 . . 12 . 93 35 6 26 301 Melee 85 | . . . . 11 . 12 1 1 . . 12 . 15 17 6 8 2 Projectile 112 | . . . . . . . . . . . . . . . . . 112 AOE 412 | . . 53 . 18 . . . 40 . . . . 78 18 . 18 187 Terrain Rammed . | . . . . . . . . . . . . . . . . . . Walls Destroyed . | . . . . . . . . . . . . . . . . . . Machines Disabled . | . . . . . . . . . . . . . . . . . . Actions | -11 -10 -10 -8 -6 -6 -6 -6 -6 -6 -5 -5 -5 -5 -4 -3 -3 -3 --------- Run | Yrd Mat Sub Scr Fac Was Fac Low Low Dat Pro Fac Was Fac Fac Res Qua Frg Total 34578 | 93 162 1981 2394 945 81 1409 297 508 106 319 900 676 954 1703 480 879 20691 Wait 10504 | . 36 310 411 163 . 232 8 44 25 16 136 273 86 100 15 146 8503 Move 22296 | 62 117 1516 1906 729 79 1097 275 453 81 303 734 393 826 1483 441 667 11134 Hop 46 | . . . . 1 . 3 . . . . 2 2 10 12 2 9 5 Pick Up 264 | 10 2 18 30 11 1 5 1 . . . 4 2 1 13 7 9 150 Fast Attach 117 | 3 . 3 6 2 . 9 2 . . . 2 . 2 . . 2 86 Attach 171 | 4 . 7 8 15 . 6 1 . . . 1 . 1 15 6 11 96 Detach 52 | . . . . 5 . 1 1 . . . . . . 4 . 5 36 Swap 98 | . . 8 2 1 . 6 1 1 . . 3 2 1 3 1 . 69 Drop 257 | . . 20 31 3 1 16 3 . . . 3 3 5 6 2 3 161 Fire 548 | 14 7 98 . 2 . 4 . 5 . . . . 2 1 . 8 407 Melee 174 | . . . . 13 . 30 5 5 . . 15 1 20 57 6 19 3 Ram . | . . . . . . . . . . . . . . . . . . Kick . | . . . . . . . . . . . . . . . . . . Crush 1 | . . 1 . . . . . . . . . . . . . . . Escape Stasis 50 | . . . . . . . . . . . . . . 9 . . 41 Rewire . | . . . . . . . . . . . . . . . . . . Trap . | . . . . . . . . . . . . . . . . . . Miscellaneous . | . . . . . . . . . . . . . . . . . . Route ------- -11/Scrapyard -10/Materials (discovered 3 exits: [*Mat x2] / *Sub) -10/Subcaves (discovered 4 exits: [*Mat x2] / [*Rec] / *Scr) -8/Scraptown (discovered 2 exits: *Fac x2) -6/Factory (discovered 6 exits: *Fac x4 / *Low x2) -6/Waste -6/Factory (discovered 2 exits: *Low x2) -6/Lower Caves -6/Lower Caves (discovered 2 exits: *Fac / *Dat) -6/Data Miner -5/Proximity Caves -5/Factory (discovered 2 exits: *Fac x2) -5/Waste -5/Factory (discovered 4 exits: *Fac x2 / Upp x2) -4/Factory (discovered 8 exits: *Res x4 / *Upp x2 / Ext x2) -3/Research (discovered 5 exits: Res x3 / [*Arm] / *Qua) -3/Quarantine (discovered 3 exits: Res / [*Sec] / *Frg) -3/Protoforge History --------- Turn | Location | Event 9 | -11/Scrapyard | Discovered new exit (range 15) 143 | -11/Scrapyard | Entered Materials 144 | -10/Materials | Met a group of wandering Federalists 213 | -10/Materials | Discovered new exit (range 6) 298 | -10/Materials | Discovered new exit (range 5) 315 | -10/Materials | Build established: Mutant 375 | -10/Materials | Discovered new exit (range 9) 388 | -10/Materials | Entered Subcaves 389 | -10/Subcaves | Continued accompanying wandering Federalists (2) 452 | -10/Subcaves | Ambushed by angry Subdweller bent on revenge 475 | -10/Subcaves | Discovered new exit (range 8) 599 | -10/Subcaves | Lost 3 allies 669 | -10/Subcaves | Wandering Federalist uncovered a shortcut to Scraptown 699 | -10/Subcaves | Discovered new exit (range 7) 1403 | -10/Subcaves | Core integrity fell below 50% 1634 | -10/Subcaves | Learned Materials interactive machine intel 2119 | -10/Subcaves | Shifting Twisted Machinery released Riot Gun 2169 | -10/Subcaves | Shifting Twisted Machinery released Sub. Monowheel 2192 | -10/Subcaves | Visited Clippyterm 2197 | -10/Subcaves | Learned location of Extension (-4) 2197 | -10/Subcaves | Learned Research security intel 2301 | -10/Subcaves | Discovered new exit (range 8) 2347 | -10/Subcaves | Learned Materials security intel 2640 | -10/Subcaves | Visited 4L-MR0's lab 2692 | -10/Subcaves | A swath of the cavern ceiling suddenly collapsed 2750 | -10/Subcaves | Shifting Twisted Machinery released Flamer 2778 | -10/Subcaves | Shifting Twisted Machinery released Flamer 2954 | -10/Subcaves | Core integrity fell below 20% 2981 | -10/Subcaves | Lost 3 parts (1n1u1w) 3619 | -10/Subcaves | Entered Scraptown 3853 | -8/Scraptown | Discovered new exit (range 13) 3934 | -8/Scraptown | Visited Observation Area 3956 | -8/Scraptown | Visited Cave Peace 4010 | -8/Scraptown | Heard Great Nut preacher, LISTEN AND RECITE! 4017 | -8/Scraptown | Visited Awakened 4040 | -8/Scraptown | Visited CPS Storage 4054 | -8/Scraptown | Visited TADAMA 4078 | -8/Scraptown | Visited Fellowship of the Rings 4108 | -8/Scraptown | Visited Comm Corps 4146 | -8/Scraptown | Visited UFD Registry 4146 | -8/Scraptown | Registered with UFD as "Deathcycle" 4169 | -8/Scraptown | Visited Junk Cannon Lab 4185 | -8/Scraptown | Visited Analyses Database 4204 | -8/Scraptown | Received an X-ray algorithm 4209 | -8/Scraptown | Visited LU-1G1's Boring Crew 4222 | -8/Scraptown | Visited Chapter 10 4261 | -8/Scraptown | Delivered Scrap Shield to a Scientist 4298 | -8/Scraptown | Visited DA-N13 Charitable Foundation 4303 | -8/Scraptown | Found DCF Scrap (27 items) 4328 | -8/Scraptown | Visited Scrap Suit Storage 4338 | -8/Scraptown | Visited Cartography Club 4382 | -8/Scraptown | Visited Research Penetration Think Tank 4409 | -8/Scraptown | Visited Scrapoid Research Area 4841 | -8/Scraptown | Build established: Scavenger-Mutant 5263 | -8/Scraptown | Scanned Subdweller tech in exchange for log data 5266 | -8/Scraptown | Learned Factory security intel 5267 | -8/Scraptown | Learned Factory interactive machine intel 5268 | -8/Scraptown | Learned location of 1 exit from Research 5270 | -8/Scraptown | Learned Research stockpile data 5271 | -8/Scraptown | Learned location of Quarantine (-3) 5306 | -8/Scraptown | Build established: Mutant 5657 | -8/Scraptown | Learned 12 Materials zone layouts 5657 | -8/Scraptown | Learned 8 Factory zone layouts 5657 | -8/Scraptown | Learned 8 Access zone layouts 5657 | -8/Scraptown | Learned 4 Mines zone layouts 5657 | -8/Scraptown | Learned 4 Storage zone layouts 5657 | -8/Scraptown | Learned 4 Recycling zone layouts 5657 | -8/Scraptown | Learned 20 Lower Caves zone layouts 5657 | -8/Scraptown | Learned 24 Upper Caves zone layouts 5657 | -8/Scraptown | Learned 16 Proximity Caves zone layouts 5657 | -8/Scraptown | Learned location of 2 exits from Lower Caves 5657 | -8/Scraptown | Learned location of 3 exits from Lower Caves 5657 | -8/Scraptown | Learned location of 3 exits from Upper Caves 5657 | -8/Scraptown | Identified exit to Factory 5668 | -8/Scraptown | Found Deep Structural Scanner 5818 | -8/Scraptown | Found Prototype Special Weapon 5818 | -8/Scraptown | Identified Junk Cannon 5901 | -8/Scraptown | Met Optimus 5901 | -8/Scraptown | Accepted into 0bPrime 5955 | -8/Scraptown | Entered Factory 5955 | -6/Factory | Evolved 8 slots: Propulsion x3, Utility x5 5956 | -6/Factory | Identified exit to Factory 5959 | -6/Factory | Loaded intel: 54 interactive machine locations 6042 | -6/Factory | Loaded intel: 8 recycling unit locations 6067 | -6/Factory | Learned location of Protoforge (-3) 6078 | -6/Factory | Discovered new exit (range 16) 6086 | -6/Factory | Identified exit to Lower Caves 6141 | -6/Factory | Discovered exit to Lower Caves (range 10) 6381 | -6/Factory | Build established: Derelict-Scout 6418 | -6/Factory | Sucked down chute 6418 | -6/Factory | Entered Waste 6419 | -6/Waste | Met a frightened Derelict 6421 | -6/Waste | Spotted C-40 Crusher 6424 | -6/Waste | Spotted C-40 Crusher 6424 | -6/Waste | Spotted C-40 Crusher 6428 | -6/Waste | Spotted C-40 Crusher 6433 | -6/Waste | EMP discharged 6439 | -6/Waste | Spotted C-40 Crusher 6440 | -6/Waste | Discovered new exit (range 10) 6442 | -6/Waste | Identified exit to Factory 6442 | -6/Waste | Entered Factory 6479 | -6/Factory | Loaded intel: 8 recycling unit locations 6559 | -6/Factory | Discovered exit to Lower Caves (range 16) 6893 | -6/Factory | Build established: Scout 7071 | -6/Factory | Discovered exit to Lower Caves (range 21) 7118 | -6/Factory | Entered Lower Caves 7119 | -6/Lower Caves | Identified exit to Lower Caves 7120 | -6/Lower Caves | UFD Scientist delivered a prototype 7121 | -6/Lower Caves | Found Prototype Protection 7121 | -6/Lower Caves | Identified Enh. Scrap Shield 7138 | -6/Lower Caves | Acquired the password to a Derelict Tinkerer's latest research 7143 | -6/Lower Caves | Found Prototype Special Weapon 7226 | -6/Lower Caves | Entered another Lower Caves area 7227 | -6/Lower Caves | Identified exit to Data Miner 7284 | -6/Lower Caves | Encountered a Warlord checkpoint 7414 | -6/Lower Caves | Entered a destroyed Warlord outpost 7423 | -6/Lower Caves | Entered Data Miner 7423 | -6/Data Miner | Discovered new exit (range 6) 7427 | -6/Data Miner | Met Data Miner 7434 | -6/Data Miner | Learned location of Section 7 (-3) 7434 | -6/Data Miner | Acquired the access code to Warlord's prototype stash 7439 | -6/Data Miner | Received God Mode back door access code from Data Miner 7471 | -6/Data Miner | Identified exit to Proximity Caves 7471 | -6/Data Miner | Entered Proximity Caves 7473 | -5/Proximity Caves | Learned 4 Factory zone layouts 7486 | -5/Proximity Caves | Attracted the attention of an 0b10 checkpoint 7536 | -5/Proximity Caves | Learned Factory terminal intel 7547 | -5/Proximity Caves | Learned location of Warlord (-4) 7572 | -5/Proximity Caves | Spotted B-75 Beast 7572 | -5/Proximity Caves | Entered Factory 7572 | -5/Factory | Evolved 2 slots: Propulsion x1, Utility x1 7574 | -5/Factory | Loaded intel: 26 terminal locations 7596 | -5/Factory | Loaded intel: 8 recycling unit locations 7740 | -5/Factory | Spotted B-75 Beast 7861 | -5/Factory | Discovered new exit (range 5) 7862 | -5/Factory | Identified exit to Factory 7880 | -5/Factory | Build established: Scientist-Scout 7893 | -5/Factory | Discovered exit to Factory (range 4) 7968 | -5/Factory | Manually triggered Chute Trap 7968 | -5/Factory | Sucked down chute 7968 | -5/Factory | Entered Waste 7968 | -5/Waste | The area was eerily silent 8007 | -5/Waste | Discovered new exit (range 14) 8150 | -5/Waste | Identified exit to Factory 8351 | -5/Waste | Entered Factory 8365 | -5/Factory | Loaded intel: 8 recycling unit locations 8372 | -5/Factory | Noticed UFD Elites at a Recycling Unit 8382 | -5/Factory | Spotted B-75 Beast 8442 | -5/Factory | Discovered exit to Factory (range 21) 8597 | -5/Factory | Identified exit to Upper Caves 8731 | -5/Factory | Discovered exit to Factory (range 15) 8736 | -5/Factory | Entered another Factory area 8736 | -4/Factory | Evolved 2 slots: Power x1, Utility x1 8737 | -4/Factory | Identified exit to Extension 8834 | -4/Factory | Discovered new exit (range 11) 8836 | -4/Factory | Identified exit to Upper Caves 8904 | -4/Factory | Discovered new exit (range 4) 8986 | -4/Factory | Search patrols dispatched 9150 | -4/Factory | Loaded intel: 8 recycling unit locations 9162 | -4/Factory | Spotted B-86 Titan 9280 | -4/Factory | Build established: Scientist-Ninja 9437 | -4/Factory | Identified exit to Research 9450 | -4/Factory | Entered Research 9450 | -3/Research | Evolved 2 slots: Utility x1, Weapon x1 9451 | -3/Research | Identified exit to Research 9465 | -3/Research | Lost 9 parts (1p4n4u) 9470 | -3/Research | Loaded intel: 5 recycling unit locations 9571 | -3/Research | Discovered new exit (range 12) 9614 | -3/Research | Discovered new exit (range 8) 9617 | -3/Research | Identified exit to Quarantine 9617 | -3/Research | Entered Quarantine 9625 | -3/Quarantine | Found Alien Slashing Weapon 9626 | -3/Quarantine | Identified Sigix Broadsword 9682 | -3/Quarantine | Found Alien Artifact 9683 | -3/Quarantine | Identified Core Reset Matrix 9683 | -3/Quarantine | Used Core Reset Matrix 9687 | -3/Quarantine | Detected hypermatrix surge 9687 | -3/Quarantine | Sensed 12 artifacts in vicinity 9825 | -3/Quarantine | Build established: Infiltrator-Sprinter 9912 | -3/Quarantine | Watched by a mysterious "MATRIX" hacker 9980 | -3/Quarantine | Found Hpw. Transdimensional Reconstructor 9993 | -3/Quarantine | Found Dimensional Node Initializer 10019 | -3/Quarantine | Found Subatomic Replicator 10027 | -3/Quarantine | Lost 4 parts (1p1n1u1w) 10038 | -3/Quarantine | Discovered exit to Research (range 14) 10048 | -3/Quarantine | Spotted Fortress 10069 | -3/Quarantine | Discovered new exit (range 6) 10069 | -3/Quarantine | Discovered new exit (range 7) 10071 | -3/Quarantine | Identified exit to Protoforge 10071 | -3/Quarantine | Entered Protoforge 10072 | -3/Protoforge | Sensed 2 artifacts in vicinity 10082 | -3/Protoforge | Spotted Hotshot 10082 | -3/Protoforge | Spotted Hotshot 10082 | -3/Protoforge | Spotted Hotshot 10082 | -3/Protoforge | Spotted Hotshot 10095 | -3/Protoforge | Superfortress began startup sequence 10130 | -3/Protoforge | Spotted AP7-3 10130 | -3/Protoforge | Spotted Hotshot 10130 | -3/Protoforge | Spotted AP7-3 10134 | -3/Protoforge | Spotted Overlord 10142 | -3/Protoforge | Build established: Hacker-Sprinter 10143 | -3/Protoforge | Spotted Decapitator 10143 | -3/Protoforge | Spotted Decapitator 10145 | -3/Protoforge | Spotted EXE-6 10145 | -3/Protoforge | Spotted EXE-6 10157 | -3/Protoforge | UFD initiated attack on Protoforge (Readiness: Maximal) 10157 | -3/Protoforge | Loaded intel: 3 recycling unit locations 10178 | -3/Protoforge | Spotted EXE-6 10184 | -3/Protoforge | Spotted EXE-6 10193 | -3/Protoforge | Optimus greeted in Protoforge 10199 | -3/Protoforge | Used Subatomic Replicator to create Supercharged TR 10204 | -3/Protoforge | Initialized slip node 10232 | -3/Protoforge | Warped through subspace to slip node 10233 | -3/Protoforge | Optimus attacked Superfortress 10234 | -3/Protoforge | Spotted Decapitator 10237 | -3/Protoforge | Spotted Decapitator 10238 | -3/Protoforge | Core integrity fell below 50% 10245 | -3/Protoforge | Found Prototype Device 10246 | -3/Protoforge | Found Prototype Protection 10246 | -3/Protoforge | Identified Centrium Heavy Armor Plating 10249 | -3/Protoforge | Found Unknown Launcher 10249 | -3/Protoforge | Identified Fusion Bomb Launcher 10251 | -3/Protoforge | Identified Exp. Force Field 10257 | -3/Protoforge | Found Prototype Device 10257 | -3/Protoforge | Identified Thermal Barrier 10260 | -3/Protoforge | Found Prototype Device 10260 | -3/Protoforge | Identified Cep. Antimissile System 10266 | -3/Protoforge | Lost 5 parts (3n1u1w) 10267 | -3/Protoforge | Found Unknown Device 10267 | -3/Protoforge | Identified Scrap Suit 10273 | -3/Protoforge | Lost 9 allies 10274 | -3/Protoforge | Found Prototype Ballistic Gun 10274 | -3/Protoforge | Identified Cep. XC Strikerail 10276 | -3/Protoforge | Found Cep. XC Strikerail 10295 | -3/Protoforge | Forge Plexus network access discovered 10347 | -3/Protoforge | Spotted Striker 10349 | -3/Protoforge | Spotted Striker 10370 | -3/Protoforge | Destroyed Striker 10380 | -3/Protoforge | Found Unknown Device 10380 | -3/Protoforge | Identified 0bPrime Scrap Suit 10445 | -3/Protoforge | Found Prototype Processor 10445 | -3/Protoforge | Identified Exp. Core Analyzer 10448 | -3/Protoforge | Found Cep. XC Strikerail 10450 | -3/Protoforge | Found Cep. XC Strikerail 10453 | -3/Protoforge | Found Cep. XC Strikerail 10534 | -3/Protoforge | Build established: Scavenger-Mutant 10588 | -3/Protoforge | Spotted Hotshot 10589 | -3/Protoforge | Spotted Hotshot 10589 | -3/Protoforge | Spotted Hotshot 10594 | -3/Protoforge | Spotted Striker 10622 | -3/Protoforge | Spotted Striker 10624 | -3/Protoforge | Destroyed Striker 10644 | -3/Protoforge | Spotted Immortal 10644 | -3/Protoforge | Spotted Immortal 10644 | -3/Protoforge | Spotted Immortal 10667 | -3/Protoforge | Spotted Executioner 10668 | -3/Protoforge | Spotted Striker 10722 | -3/Protoforge | Spotted Executioner 10725 | -3/Protoforge | Spotted Striker 10745 | -3/Protoforge | Released all parts (14) 10746 | -3/Protoforge | Core integrity fell below 20% 10788 | -3/Protoforge | UFD reported confirmed Drillbomb installation 10799 | -3/Protoforge | Lost 4 allies 11049 | -3/Protoforge | Build established: Mutant 11999 | -3/Protoforge | Spotted Striker 12001 | -3/Protoforge | Spotted Striker 12148 | -3/Protoforge | Found 0bPrime Scrap Suit 12226 | -3/Protoforge | Found Cep. Core Shell 12272 | -3/Protoforge | Found Enh. Gamma Rifle 12332 | -3/Protoforge | Build established: Scavenger-Tank 12390 | -3/Protoforge | Found Prototype Processor 12391 | -3/Protoforge | Identified Exp. Targeting Computer 12394 | -3/Protoforge | Found Exp. Core Analyzer 12875 | -3/Protoforge | Lost 3 allies 12943 | -3/Protoforge | Spotted Striker 12946 | -3/Protoforge | Spotted Executioner 12958 | -3/Protoforge | Destroyed Executioner 12986 | -3/Protoforge | Lost 5 allies 12988 | -3/Protoforge | Found Exp. Core Analyzer 13036 | -3/Protoforge | Spotted Striker 13045 | -3/Protoforge | Destroyed Striker 13074 | -3/Protoforge | Spotted Striker 13081 | -3/Protoforge | Spotted Striker 13094 | -3/Protoforge | Destroyed Striker 13242 | -3/Protoforge | Spotted Striker 13256 | -3/Protoforge | Spotted Striker 13259 | -3/Protoforge | Spotted Striker 13279 | -3/Protoforge | Lost 3 allies 13368 | -3/Protoforge | Spotted Striker 13382 | -3/Protoforge | Spotted Striker 13392 | -3/Protoforge | Destroyed Striker 13396 | -3/Protoforge | Destroyed Striker 13472 | -3/Protoforge | Spotted Striker 13473 | -3/Protoforge | Destroyed Striker 13489 | -3/Protoforge | Spotted Striker 13490 | -3/Protoforge | Spotted Executioner 13575 | -3/Protoforge | Spotted Striker 13576 | -3/Protoforge | Spotted Striker 13584 | -3/Protoforge | Spotted Striker 13587 | -3/Protoforge | Spotted Striker 14017 | -3/Protoforge | UFD reported confirmed Drillbomb installation 14019 | -3/Protoforge | Build established: Scavenger-Gunner 16469 | -3/Protoforge | Spotted Striker 16471 | -3/Protoforge | Spotted Executioner 16472 | -3/Protoforge | Destroyed Executioner 16511 | -3/Protoforge | Spotted Executioner 16515 | -3/Protoforge | Spotted Striker 16515 | -3/Protoforge | Destroyed Striker 16525 | -3/Protoforge | Lost 5 allies 16544 | -3/Protoforge | Spotted Executioner 16545 | -3/Protoforge | Spotted Striker 16546 | -3/Protoforge | Destroyed Striker 16554 | -3/Protoforge | Destroyed Executioner 16575 | -3/Protoforge | Lost 3 allies 16756 | -3/Protoforge | Spotted Striker 16758 | -3/Protoforge | Spotted Striker 16764 | -3/Protoforge | Spotted Striker 16765 | -3/Protoforge | Spotted Executioner 16908 | -3/Protoforge | Lost 9 allies 16933 | -3/Protoforge | Spotted Executioner 16939 | -3/Protoforge | Destroyed Executioner 17130 | -3/Protoforge | Build established: Scavenger-Tank 17132 | -3/Protoforge | Spotted Striker 17635 | -3/Protoforge | Spotted Striker 17729 | -3/Protoforge | Spotted Striker 17730 | -3/Protoforge | Destroyed Striker 17803 | -3/Protoforge | Spotted Executioner 17803 | -3/Protoforge | Spotted Striker 17828 | -3/Protoforge | Spotted Executioner 17856 | -3/Protoforge | Spotted Striker 17858 | -3/Protoforge | Spotted Striker 17862 | -3/Protoforge | P-80 Master assimilated allied BJ-GPC(E) 17865 | -3/Protoforge | Spotted Striker 17867 | -3/Protoforge | Destroyed Striker 17906 | -3/Protoforge | Lost 8 allies 17968 | -3/Protoforge | Spotted Executioner 17998 | -3/Protoforge | Lost 9 allies 18034 | -3/Protoforge | Spotted Decapitator 18055 | -3/Protoforge | Destroyed Decapitator 18134 | -3/Protoforge | Found Cep. Tiamat Rocket Array 18138 | -3/Protoforge | Found Faulty Cep. Smart ZDS 18148 | -3/Protoforge | Spotted V229-p 18165 | -3/Protoforge | Destroyed V229-p 18175 | -3/Protoforge | Found Prototype Device 18176 | -3/Protoforge | Identified Exp. Weapon Cycler 18178 | -3/Protoforge | Found Prototype Protection 18179 | -3/Protoforge | Identified Med. Regenerative Plating 18195 | -3/Protoforge | Found Cep. Smart ZDS 18197 | -3/Protoforge | Found Prototype Launcher 18197 | -3/Protoforge | Identified Cep. Rapid Grenade Launcher 18202 | -3/Protoforge | Found Exp. EM Disruption Field 18344 | -3/Protoforge | Spotted V002-f 18460 | -3/Protoforge | Spotted AP7-3 18500 | -3/Protoforge | Spotted Immortal 18500 | -3/Protoforge | Spotted Immortal 18524 | -3/Protoforge | Spotted V453-g 18524 | -3/Protoforge | Spotted V017-v 19108 | -3/Protoforge | Build established: Scavenger-Scout 19873 | -3/Protoforge | Spotted Striker 19874 | -3/Protoforge | Spotted Executioner 20087 | -3/Protoforge | Found Cep. XC Strikerail 20093 | -3/Protoforge | Found Cep. XC Strikerail 20094 | -3/Protoforge | Found Prototype Energy Gun 20095 | -3/Protoforge | Identified Cep. Variable Chargecaster 20151 | -3/Protoforge | Spotted AP7-3 20299 | -3/Protoforge | Destroyed AP7-3 20372 | -3/Protoforge | Spotted Executioner 20452 | -3/Protoforge | UFD reported confirmed Drillbomb installation 20486 | -3/Protoforge | UFD reported confirmed Drillbomb installation 20496 | -3/Protoforge | Destroyed AP7-3 20507 | -3/Protoforge | Found Prototype Device 20507 | -3/Protoforge | Identified Cep. Cloak Mesh 20510 | -3/Protoforge | Found Cep. Dimensional Manipulator 20512 | -3/Protoforge | Found Cep. Thermoelectric Network 20568 | -3/Protoforge | Found Cep. Helical Railcannon 20797 | -3/Protoforge | Build established: Scavenger-Sprinter 20850 | -3/Protoforge | Found Exp. System Purifier 20946 | -3/Protoforge | Found Faulty Cep. Thermoelectric Network 20974 | -3/Protoforge | Found Cep. Variable Chargecaster 20976 | -3/Protoforge | Found Cep. Variable Chargecaster 20988 | -3/Protoforge | Found Cep. Variable Chargecaster 21027 | -3/Protoforge | Found Cep. EMP Blanket Launcher 21030 | -3/Protoforge | Found Cep. Rapid Grenade Launcher 21336 | -3/Protoforge | Spotted Decapitator 21357 | -3/Protoforge | Found Crosscalibrator 21371 | -3/Protoforge | Spotted Decapitator 21375 | -3/Protoforge | Destroyed Decapitator 21495 | -3/Protoforge | Spotted Decapitator 21495 | -3/Protoforge | Spotted Decapitator 21495 | -3/Protoforge | Spotted V183-p 21576 | -3/Protoforge | Found Prototype Device 21576 | -3/Protoforge | Identified Cep. Weapon Articulator 21657 | -3/Protoforge | Spotted V741-j 21659 | -3/Protoforge | Destroyed V741-j 21665 | -3/Protoforge | Found Prototype Processor 21665 | -3/Protoforge | Identified Exp. Target Analyzer 21668 | -3/Protoforge | Found Prototype Device 21668 | -3/Protoforge | Identified Cep. Antimissile System 21672 | -3/Protoforge | Found Prototype Device 21672 | -3/Protoforge | Identified Exp. Focal Shield 21675 | -3/Protoforge | Found Prototype Device 21675 | -3/Protoforge | Identified Cep. Matter Streamer 21680 | -3/Protoforge | Found Prototype Storage 21680 | -3/Protoforge | Identified Cep. NT7 Matterbank 21687 | -3/Protoforge | Found Prototype Storage 21687 | -3/Protoforge | Identified Cep. Antigrav Storage Unit 21692 | -3/Protoforge | Found Faulty Cep. Matter Streamer 21694 | -3/Protoforge | Found Cep. Antigrav Storage Unit 21794 | -3/Protoforge | Found Faulty Cep. Combat Aerolev Unit 21798 | -3/Protoforge | Found Cep. Combat Aerolev Unit 21856 | -3/Protoforge | Found Faulty Cep. Gyrokinetic System 21858 | -3/Protoforge | Found Faulty Cep. Gyrokinetic System 21963 | -3/Protoforge | Found Faulty Cep. Zero-point Core 21965 | -3/Protoforge | Found Faulty Cep. Zero-point Core 21974 | -3/Protoforge | Found Faulty Cep. Zero-point Core 21976 | -3/Protoforge | Found Cep. Zero-point Core 22000 | -3/Protoforge | Build established: Scavenger-Gunner 22291 | -3/Protoforge | Found Prototype Storage 22292 | -3/Protoforge | Found Prototype Storage 22300 | -3/Protoforge | Found Cep. NT7 Matterbank 22432 | -3/Protoforge | Found Cep. NT7 Matterbank 22434 | -3/Protoforge | Found Prototype Storage 22435 | -3/Protoforge | Identified Cep. Chromion Battery (x3) 22727 | -3/Protoforge | Spotted Striker 22807 | -3/Protoforge | Found Exp. System Purifier 22808 | -3/Protoforge | Found Exp. System Purifier 22812 | -3/Protoforge | Found Cep. Weapon Articulator 22940 | -3/Protoforge | Destroyed Immortal 22975 | -3/Protoforge | Destroyed Immortal 22980 | -3/Protoforge | Found Prototype Device 22980 | -3/Protoforge | Identified Exp. Cloaking Device 22985 | -3/Protoforge | Found Prototype Processor 22985 | -3/Protoforge | Identified Exp. Melee Analysis Suite 23107 | -3/Protoforge | Found Prototype Device 23108 | -3/Protoforge | Identified Exp. EM Disruption Field 23111 | -3/Protoforge | Found Prototype Protection 23112 | -3/Protoforge | Identified Cep. Core Shell 23120 | -3/Protoforge | Found Prototype Device 23121 | -3/Protoforge | Identified Cep. Beam Splitter 23265 | -3/Protoforge | Spotted V551-p 23364 | -3/Protoforge | Found Prototype Launcher 23364 | -3/Protoforge | Identified Cep. Tactical Fusion Warhead 23556 | -3/Protoforge | Found Faulty Cep. Dimensional Manipulator 23584 | -3/Protoforge | Found Cep. Plasma Driver 23586 | -3/Protoforge | Found Cep. Disintegration Ray 23594 | -3/Protoforge | Found Cep. Plasma Driver 23771 | -3/Protoforge | Destroyed Decapitator 23772 | -3/Protoforge | Destroyed Decapitator 23772 | -3/Protoforge | Destroyed Decapitator 23785 | -3/Protoforge | Found Faulty Exp. Active Sensor Suite 23791 | -3/Protoforge | Found Faulty Exp. Active Sensor Suite 23833 | -3/Protoforge | Destroyed V183-p 23833 | -3/Protoforge | Additional patrols dispatched to research labs 23835 | -3/Protoforge | Destroyed V551-p 23838 | -3/Protoforge | Build established: Gunner 24035 | -3/Protoforge | Destroyed 10 combat bots 24064 | -3/Protoforge | Found Exp. System Purifier 24188 | -3/Protoforge | Found Cep. Core Shell 24208 | -3/Protoforge | Found Cep. RG22 Armor 24210 | -3/Protoforge | Found Cep. Energy Mantle 24238 | -3/Protoforge | Build established: Scout 24246 | -3/Protoforge | Found Cep. Reaction Jets 24248 | -3/Protoforge | Found Cep. Core Shell 24345 | -3/Protoforge | Spotted Striker 24361 | -3/Protoforge | Spotted Striker 24362 | -3/Protoforge | Destroyed Striker 24597 | -3/Protoforge | Destroyed Executioner 24611 | -3/Protoforge | Destroyed Executioner 24635 | -3/Protoforge | Spotted Striker 24653 | -3/Protoforge | Spotted Striker 24653 | -3/Protoforge | Spotted Striker 24656 | -3/Protoforge | Destroyed Striker 24701 | -3/Protoforge | Destroyed Executioner 24883 | -3/Protoforge | Destroyed 9 combat bots 24884 | -3/Protoforge | Lost 3 allies 24955 | -3/Protoforge | Spotted Striker 24958 | -3/Protoforge | Spotted Striker 24961 | -3/Protoforge | Destroyed Striker 24982 | -3/Protoforge | Destroyed Executioner 24988 | -3/Protoforge | Destroyed Executioner 24998 | -3/Protoforge | Destroyed Executioner 25044 | -3/Protoforge | Destroyed Striker 25058 | -3/Protoforge | Destroyed Executioner 25114 | -3/Protoforge | Lost 16 allies 25122 | -3/Protoforge | Destroyed Executioner 25124 | -3/Protoforge | Spotted Executioner 25159 | -3/Protoforge | Spotted Striker 25159 | -3/Protoforge | Spotted Striker 25159 | -3/Protoforge | Spotted Striker 25162 | -3/Protoforge | Destroyed Striker 25182 | -3/Protoforge | Destroyed Executioner 25191 | -3/Protoforge | Crushed by falling debris 25222 | -3/Protoforge | Destroyed 17 combat bots 25224 | -3/Protoforge | Lost 8 allies 25283 | -3/Protoforge | Found Faulty Cep. XC Strikerail 25284 | -3/Protoforge | Found Cep. Lightning Penetrator 25286 | -3/Protoforge | Found Faulty Cep. XC Strikerail 25291 | -3/Protoforge | Found Faulty Cep. Lightning Penetrator 25468 | -3/Protoforge | Found Faulty Cep. XC Strikerail 25582 | -3/Protoforge | Found Cep. Tactical Fusion Warhead 25717 | -3/Protoforge | Spotted V879-g 25717 | -3/Protoforge | Spotted V672-d 25717 | -3/Protoforge | Spotted V142-l 25823 | -3/Protoforge | Found Exp. System Purifier 25833 | -3/Protoforge | Found Exp. System Purifier 25835 | -3/Protoforge | Found Exp. System Purifier 25912 | -3/Protoforge | Lost 5 allies 25933 | -3/Protoforge | Spotted Striker 25941 | -3/Protoforge | Destroyed Striker 25963 | -3/Protoforge | Spotted Executioner 25977 | -3/Protoforge | Destroyed Executioner 26002 | -3/Protoforge | Destroyed 8 combat bots 26009 | -3/Protoforge | Lost 6 allies 26044 | -3/Protoforge | Destroyed Executioner 26121 | -3/Protoforge | Spotted Striker 26121 | -3/Protoforge | Spotted Executioner 26124 | -3/Protoforge | Destroyed Executioner 26124 | -3/Protoforge | Destroyed Striker 26140 | -3/Protoforge | Spotted Executioner 26142 | -3/Protoforge | Destroyed Executioner 26143 | -3/Protoforge | Destroyed by Executioner with Helical Railgun Last Messages --------------- 26139_ The unstable cave ceiling collapses. 26139_ Unknown Power Core crushed. 26140_ LY-JOK(E) cannibalizes Unknown Treads to repair Unknown Treads. 26140_ The unstable cave ceiling collapses. 26140_ Unknown Device crushed. 26141_ B-74 Champion unfolds itself. 26141_ Slug penetrates Executioner. 26142_ Executioner destroyed. 26142_ M-36 Artificer destroyed. 26142_ B-74 Champion destroyed. 26142_ Destroyed Hvy. Machine Gun. 26142_ G-67 Veteran destroyed. 26142_ WA-8WY(E) destroyed. 26142_ N-04 Retriever collects Unknown Engine. 26142_ N-04 Retriever collects Unknown Ballistic Gun. 26142_ N-04 Retriever collects Hvy. Machine Gun. 26143_ The unstable cave ceiling collapses. 26143_ 7 Matter crushed. Map ----- +----------------------------------------------------+ | ??????????????????## % | | ??????????????????## | | ??????????????????## | | ??????????????????## | | ??????????????????## ##### ===#####!!! ##### | | ??????????????????## #####""""#####""""#####" "" | | ??????????????????#" %##?########?########?###### | | ??????????????????## ##?########?########?###### | | ??????????????????## %##??? ###???#?????????????? | | ??????????????????##% %##?### #### ###?######?### | | ??????????????????##% "#?? # # ## # # ## ? | | ################# " %%#### ## ### | | ##################;# % # # # "#; "#"#""#""#"""#"" | | #???? # " " % ; " " | | #???! % "% # " " | | #????? "% % " | | #?????? %# "" # *! =!!* " | | #????=?==# % ![!!! * % [ | | #?????=??# " ## =!%[ %% % *!! | | #????????# ! ##[#==*=%&&%% ![ | | #????????# % [#% *[=!! %%&% % % % | | #????????" !=&&[[! %A !%[%% % % %%"%&%%%% | | #####?#### = !%!=E[[%&%%!%%%%%%%%%%%%%% %% % | | ##???????h%=/ /! %%%%%%%%%%%%&%%%%%%%%%%% %%%%% | | ##????????%%s[%% * %!%%*!! &%&%%%%[% n%%% %& %%%% | | ##??????E#*%! [ =[=![![@& %%%[%!%= % &% # # | | ##???????# * %#=[! %!%%!*=!!=! ;%% % # | | ########## !! % =%%!===![/[ ; % %! | | ##########? ! *!] =! "% %%% "## | | ????????##? # "%% %% # | | ????????##?? [= # "% % " | | ????????##?? =% # "%"s"""" # | | ????????##?? !=[ " %"%% | | ????????##??? !%[ # # " %% " | | ????????##? % =[# # # %s % | | ????????##? # & % %[ | | ????????######### # %m # %% !%%%* %% | | ###?############# # * % % =!!=% "" " | | ??????????? =%! m!% %!%[%%%% %%% % | | ??????????? ! %= % !%!%!! %% "% | | ?"???????"" """ """ " *%%=#! % *%*] % % %% | | ?"" "?? """ """ """ "" *%% ! % % # | | ?"" """ """ """ "" """ "=%%%= % #!# | | ?"" """ """ """ "" !] % !%! # ## # | | ?"" """ """ """ m"" %[! # # %* " %# # # | | """ """ """ """"""" " %[ # ! ! + | | """ """ """ """%" " % %# # ###### | | = * !! %" # ###### | | | !!!*!] % # ###### | | ### !=* =] %% %%% # " #% ## | +----------------------------------------------------+ Best States ------------- Heat Dissipation 148 Coolant Potential 120 Energy Generation 61 Energy Capacity 1520 Matter Stores 300 Matter Capacity 300 Sight Range 23 Robot Scan Range 20 Terrain Scan Density 10 ECM Strength 1 Jamming Range 14 Power Amplification 20 Additional Mass Support 30 Corruption Block 10 Armor Coverage 600 Core Shielding 90 Power Shielding 90 Weapon Shielding 90 Weapon Cycling 30 Evasion (%) 84 Targeting Accuracy 30 Core Analysis 12 Recoil Reduction 2 Energy Filtering 50 Offensive Hacking 10 Defensive Hacking 12 Item Schematics ----------------- Cld. Gravmag System | -3/Quarantine | Archive Prc. Phase Gun | -3/Quarantine | Archive Exp. Thermal Defense Suite | -3/Protoforge | Archive Exp. Energy Well | -3/Protoforge | Archive Centrium Heavy Armor Plating | -3/Protoforge | Archive Hvy. Tesla Rifle | -3/Protoforge | Archive Graviton Reactor | -3/Protoforge | Archive Adv. Variable Charge Gun | -3/Protoforge | Archive Exp. Signal Interpreter | -3/Protoforge | Archive Exp. Terrain Scan Processor | -3/Protoforge | Archive Diametric Drive | -3/Protoforge | Archive Coolant Network | -3/Protoforge | Archive Cld. Nuclear Pulse Thruster | -3/Protoforge | Archive Adv. EM Disruption Field | -3/Protoforge | Archive Hvy. Proton Cannon | -3/Protoforge | Archive Robot Schematics ------------------ K-01 Serf | -3/Quarantine | Archive Y-72 Warden | -3/Quarantine | Archive A-02 Transporter | -3/Protoforge | Archive B-74 Champion | -3/Protoforge | Archive R-06 Scavenger | -3/Protoforge | Archive Fabricated ------------ Nothing Repaired ---------- Nothing Studied --------- None Alien Tech Used ----------------- Sigix Broadsword Core Reset Matrix Subatomic Replicator Dimensional Node Initializer Supercharged TR Achievements -------------- Anti-science Crusade Dominance Asserted IP Theft Power Plant Worth The Wait Challenges ------------ None Game ------ Seed CoreTeleporterPenetrator Manual? 0 Play Time 04:53:56 Cumulative 226.8 hours Start 2026.07.27 @ 13:56:19 End 2026.07.28 @ 20:37:27 Sessions 5 Manual Loads 0 Difficulty Rogue Special Mode None Game No. 305 Rogue 305 Adventurer 0 Explorer 0 Win Type - Total 3 Types 2/0/0/1/0/0/0/0/0/0 Lore% 75 Gallery% 73 Achievement% 59 Wizard Run 0 Options --------- Layout 1 ASCII 0 Keyboard 0 Movement Mouse Keybinds 0 Fullscreen 1 Font 24/Smallcaps Map View 50x35 Zoom Use 0% Tactical HUD 1 Map Filters NONE Filters NONE Steam 1 RUN: 83f7392b-c008-4162-888d-d084740f1873